 Dungeon Crawl Stone Soup version 0.29-a0-297-g7659ce593d (webtiles) character file.

Game seed: 12314111302630506351

169 Dabor the Ruffian (level 5, -2/26 HPs)
             Began as a Vine Stalker Transmuter on Mar 21, 2022.
             Slain by a gnoll
             ... wielding a +0 flail
              (12 damage)
             ... on level 3 of the Dungeon.
             The game lasted 00:02:37 (1799 turns).

Dabor the Ruffian (Vine Stalker Transmuter)         Turns: 1799, Time: 00:02:37

Health: -2/26      AC:  2    Str: 15    XL:     5   Next: 50%
Magic:  0/10       EV: 12    Int: 13    God:
Gold:   121        SH:  0    Dex: 14    Spells: 7/10 levels left

rFire   . . .      SeeInvis .     - Unarmed
rCold   . . .      Faith    .   (no shield)
rNeg    . . .      Spirit   +   a - +0 robe
rPois   .          Reflect  .   (helmet currently unavailable)
rElec   .          Harm     .   (no cloak)
rCorr   .          Rampage  .   (no gloves)
Will    .....                   (boots currently unavailable)
Stlth   +.........              (no amulet)
HPRegen 0.88/turn               (no ring)
MPRegen 0.12/turn               (no ring)

@: appendages
A: horns 2, talons 2, fangs 2, regeneration 1, magic shield, antimagic bite, no
potion heal 2
a: End Transformation


You were on level 3 of the Dungeon.
You had temporarily grown beastly horns and talons.
You visited 1 branch of the dungeon, and saw 3 of its levels.

You collected 121 gold pieces.

Inventory:

Armour
 a - a +0 robe (worn)
Scrolls
 c - a scroll of teleportation {unknown}
 d - 3 scrolls of identify {unknown}
 f - a scroll of blinking {unknown}
Potions
 b - a potion of lignification
 e - 3 potions of might {unknown}


   Skills:
 + Level 2.1 Fighting
 + Level 2.4 Dodging
 + Level 3.7 Unarmed Combat
 + Level 3.2 Spellcasting
 + Level 2.9 Transmutations


You had 7 spell levels left.
You knew the following spells:

 Your Spells              Type           Power      Damage    Failure   Level
a - Beastly Appendage     Tmut           18%        N/A       7%          1
b - Wereblood             Tmut           9%         N/A       10%         2

Your spell library contained the following spells:

 Spells                   Type           Power      Damage    Failure   Level
 Spider Form              Tmut/Pois      5%         N/A       36%         3
 Ice Form                 Ice/Tmut       5%         N/A       77%         4
 Olgreb's Toxic Radiance  Pois           2%         N/A       92%         4
 Ozocubu's Refrigeration  Ice            1%         4d5       100%        7
 Ignition                 Fire           1%         3d3       100%        8


Dungeon Overview and Level Annotations

Branches:
Dungeon (3/15)

Altars:
Dithmenos
Gozag


Innate Abilities, Weirdness & Mutations

You have temporarily grown beastly horns and talons.
You have extremely sharp teeth.
Your natural rate of healing is unusually fast.
When hurt, damage is shared between your health and your magic reserves.
Your bite disrupts and absorbs the magic of your enemies.
Potions cannot restore your health.


Message History

Where to? (Enter - D:2 @ (x,y), ? - help)
There is a stone staircase leading down here.
You climb downwards.
There is a stone staircase leading up here.
A frilled lizard comes into view.
A frilled lizard is nearby!
A frilled lizard is nearby!
A frilled lizard is nearby!
Found 15 gold pieces.
The frilled lizard hisses angrily.
The frilled lizard closely misses you.
You punch the frilled lizard!
You kill the frilled lizard!
No target in view!
No target in view!
A sourceless malevolence fills the Dungeon... and a teleportation trap spontaneously manifests!
You are yanked towards some nearby monsters!
Your surroundings suddenly seem different. 3 gnolls come into view.
Found a +0 ring mail and a scroll labelled BUISUN YBIKK.
The gnoll shouts! x3
You see here a +0 ring mail.
There are monsters nearby!
There are monsters nearby!
There are monsters nearby!
Casting: Beastly Appendage (safe; 7% risk of failure)
Confirm with . or Enter, or press ? or * to list all spells.
You grow a pair of large bovine horns.
Your feet morph into talons.
The gnoll misses you.
You hit the gnoll. Your headbutt misses the gnoll. Your bite misses the gnoll.
The gnoll is lightly wounded.
The gnoll hits you with a +0 flail! x2
You are too injured to fight recklessly!
You are too injured to fight recklessly!
The gnoll attacks as you move away! The gnoll barely misses you.
The gnoll attacks as you move away! The gnoll closely misses you.
The gnoll attacks as you move away! The gnoll hits you with a +0 flail.
The gnoll attacks as you move away! The gnoll closely misses you.
The gnoll attacks as you move away! The gnoll hits you with a +0 flail!
You die...

#..........#
#..........# #
#..........#.#
#....?[....#.#
#............#
#..........###
#......g...#
#......gg..#
#######@####
#........
########.


You could see 3 gnolls.

Vanquished Creatures
  A black bear (D:2)
  2 adders (D:2)
  A worm (D:2)
  4 dart slugs
  An orc (D:2)
  3 endoplasms
  3 giant cockroaches
  3 goblins (D:1)
  4 hobgoblins
  4 jackals (D:2)
  8 kobolds
  2 quokkas
  3 ball pythons
  4 bats
  4 frilled lizards
  2 rats
49 creatures vanquished.

Notes
Turn   | Place    | Note
-------+----------+-------------------------------------------
     0 | D:1      | Dabor the Vine Stalker Transmuter began the quest for the
                  | Orb.
     0 | D:1      | Reached XP level 1. HP: 9/9 MP: 4/4
    68 | D:1      | Reached skill level 1 in Fighting
    75 | D:1      | Reached XP level 2. HP: 4/14 MP: 4/6
   563 | D:1      | Reached XP level 3. HP: 18/18 MP: 5/7
   989 | D:2      | Learned a level 2 spell: Wereblood
  1251 | D:2      | Noticed a black bear
  1268 | D:2      | Killed a black bear
  1269 | D:2      | Gained mutation: Your natural rate of healing is unusually
                  | fast. [Vine Stalker growth]
  1269 | D:2      | Reached XP level 4. HP: 17/23 MP: 9/9
  1269 | D:2      | Reached XP level 5. HP: 19/26 MP: 10/10
  1448 | D:2      | Found a faded altar of an unknown god.
  1599 | D:2      | Prayed at the altar of an unknown god.
  1599 | D:2      | Became a worshipper of Dithmenos the Shadowed
  1599 | D:2      | Reached * piety under Dithmenos
  1600 | D:2      | Fell from the grace of Dithmenos
  1698 | D:2      | Found an opulent altar of Gozag.
  1799 | D:3      | Slain by a gnoll

Illustrated notes

Levels and vault maps discovered:
D:1:      psy_arrival_fountain, layout_rooms
D:2:      minmay_chambers_of_twos, layout_basic, basic_altar,
          basic_ecumenical_altar
D:3:      layout_basic, lemuel_another_geyser

Skill      XL: |  1  2  3 |
---------------+----------+-----
Fighting       | 1 2 |  2.1
Dodging        | 2 |  2.4
Spellcasting   | 3 |  3.2
Unarmed Combat | |  3.7
Transmutations | |  2.9

Action                   |  1- 3 |  4- 6 || total
-------------------------+-------+-------++-------
Melee: Unarmed           |    85 |    28 ||   113
       Bite              |    16 |     4 ||    20
       Kick              |    18 |     4 ||    22
       Headbutt          |    10 |     1 ||    11
       Punch             |     1 |       ||     1
 Cast: Beastly Appendage |    10 |     3 ||    13
       Wereblood         |     2 |       ||     2
Invok: Renounce Religion |       |     1 ||     1
 Stab: Sleeping          |     1 |       ||     1
Armor: Robe              |    19 |     7 ||    26
Dodge: Dodged            |    42 |    18 ||    60

Table legend: (Time is in decaauts)
 A = Elapsed time spent in this place.
 B = Non-inter-level travel time spent in this place.
 C = Inter-level travel time spent in this place.
 D = Time resting spent in this place.
 E = Time spent auto-exploring this place.
 F = Levels seen in this place.
 G = Mean time per level.
                   A        B        C        D        E       F      G
               +--------+--------+--------+--------+--------+-----+--------+
         Total |   1791 |   1737 |     54 |    160 |   1274 |   3 |  597.0 |
       Dungeon |   1791 |   1737 |     54 |    160 |   1274 |   3 |  597.0 |
               +--------+--------+--------+--------+--------+-----+--------+

Top non-repeatable levels by time:
     D:1: 925 daAuts
     D:2: 838 daAuts
     D:3: 27 daAuts
